 Dungeon Crawl Stone Soup version 0.30.1-3-gfc49f6343a (webtiles) character file.

Game seed: 6299700573514478468

1031 spardeous the Conjurer (level 7, -1/50 HPs)
             Began as a Demigod Conjurer on Aug 3, 2023.
             Slain by an ogre
             ... wielding a +0 giant club
              (15 damage)
             ... on level 5 of the Dungeon.
             The game lasted 00:07:47 (6458 turns).

spardeous the Conjurer (Demigod Conjurer)           Turns: 6458, Time: 00:07:48

Health: -1/50      AC:  3    Str: 12    XL:     7   Next: 72%
Magic:  10/19      EV: 11    Int: 24    God:
Gold:   292        SH:  0    Dex: 12    Spells: 6/17 levels left

rFire   + . .        I - +5 woodcutter's axe
rCold   . . .        (shield currently unavailable)
rNeg    . . .        o - +0 leather armour
rPois   .            (no helmet)
rElec   .            (no cloak)
rCorr   .            (no gloves)
SInv    .            (no boots)
Will    .....        (no amulet)
Stlth   ++           p - ring of protection from fire
HPRegen 0.28/turn    v - ring of wizardry
MPRegen 0.16/turn

%: wizardry (x1)
@: no status effects
A: high MP 1, forlorn, divine attributes
a: no special abilities


You were on level 5 of the Dungeon.
You visited 1 branch of the dungeon, and saw 5 of its levels.
You also visited: Sewer.

You collected 306 gold pieces.
You spent 14 gold pieces at shops.

Inventory:

Hand Weapons
 y - a +5 trident of protection
 I - the +5 woodcutter's axe (weapon)
   (You found it on level 4 of the Dungeon)
Armour
 a - a +0 robe
 m - a +0 chain mail
 n - a +0 buckler
 o - a +0 leather armour (worn)
Jewellery
 p - a ring of protection from fire (left hand)
 v - a ring of wizardry (right hand)
Wands
 t - a wand of acid (21)
 F - a wand of flame (23)
Scrolls
 d - 3 scrolls of teleportation {unknown}
 e - 3 scrolls of magic mapping {unknown}
 f - 4 scrolls of enchant weapon {unknown}
 g - 3 scrolls of vulnerability {unknown}
 i - 4 scrolls of amnesia
 l - 2 scrolls of noise
 q - 7 scrolls of identify {unknown}
 u - 2 scrolls of brand weapon {unknown}
 w - 2 scrolls of fear {unknown}
 C - a scroll of fog {unknown}
 D - 2 scrolls of blinking {unknown}
 G - a scroll of enchant armour {unknown}
 H - 2 scrolls of poison {unknown}
Potions
 b - 4 potions of magic
 c - 2 potions of might {unknown}
 h - 4 potions of curing
 j - a potion of invisibility {unknown}
 k - a potion of attraction {unknown}
 r - 4 potions of lignification {unknown}
 s - 2 potions of haste {unknown}
 x - a potion of berserk rage {unknown}
 z - 5 potions of heal wounds {unknown}
 A - a potion of flight {unknown}
 B - a potion of cancellation {unknown}
 E - 2 potions of mutation {unknown}


   Skills:
 - Level 1.7 Dodging
 - Level 1.7 Stealth
 + Level 5.7 Spellcasting
 + Level 7.1 Conjurations


You had 6 spell levels left.
You knew the following spells:

 Your Spells              Type           Power      Damage    Failure   Level
a - Magic Dart            Conj           100%       1d8       1%          1
b - Searing Ray           Conj           82%        2d7       1%          2
c - Iskenderun's Mystic   Conj/Tloc      23%        2d6       10%         4
d - Petrify               Tmut/Erth      6%         N/A       38%         4

Your spell library contained the following spells:

 Spells                   Type           Power      Damage    Failure   Level
 Dazzling Flash           Conj/Hex       46%        N/A       3%          3
 Sublimation of Blood     Necr           6%         N/A       6%          2
 Fulminant Prism          Conj/Hex       11%        3d9       10%         4
 Sticky Flame             Conj/Fire      23%        2d4       10%         4
 Ignite Poison            Fire/Tmut/Pois 6%         N/A       12%         3
 Irradiate                Conj/Tmut      11%        3d15      26%         5
 Animate Armour           Summ/Erth      12%        N/A       38%         4
 Blade Hands              Tmut           3%         N/A       71%         5
 Iron Shot                Conj/Erth      11%        9d3       80%         6
 Ignition                 Fire           3%         3d4       100%        8


Dungeon Overview and Level Annotations

Branches:
Dungeon (5/15)             Temple (0/1) D:4           Sewer (visited)

Shops:
D:3 ([*   D:4 *

Annotations:
D:5 3 runed translucent doors, Wiggles's ghost, novice MiBe


Innate Abilities, Weirdness & Mutations

You have an increased reservoir of magic. (+10% MP)
You shall have no god before yourself.
Your divine heritage dramatically boosts your attributes as you level up.


Message History

Casting: Magic Dart (safe; 1% risk of failure)
Confirm with . or Enter, or press ? or * to list all spells.
Aiming: Magic Dart (safe; 1% risk of failure)
Press: ? - help, Shift-Dir - straight line, f/p - adder
Aim: an adder (heavily wounded, 100% to hit)
The magic dart hits the adder.
The adder is almost dead.
The adder closely misses you.
You now have 15/19 mp.
Casting: Magic Dart (safe; 1% risk of failure)
Confirm with . or Enter, or press ? or * to list all spells.
Aiming: Searing Ray (safe; 1% risk of failure)
Press: ? - help, Shift-Dir - straight line, f/p - adder
Aim: an adder (almost dead, 70% to hit)
The searing ray hits the adder!
You kill the adder! (Press . to maintain the ray.)
You now have 13/19 mp.
Casting: Searing Ray (safe; 1% risk of failure)
Confirm with . or Enter, or press ? or * to list all spells.
Aiming: Searing Ray (safe; 1% risk of failure)
Press: ? - help, Shift-Dir - straight line, f - ogre
Aim: an ogre, wielding a +0 giant club (91% to hit)
The searing ray hits the ogre.
The ogre is moderately wounded. (Press . to maintain the ray.)
You now have 12/19 mp.
The searing ray hits the ogre.
The ogre is moderately wounded.
The ogre hits you with a +0 giant club!!!
Ouch! That really hurt!
* * * LOW HITPOINT WARNING * * *
You take 37 damage, and have 13/50 hp.
MASSIVE DAMAGE!!
You now have 11/19 mp.
The searing ray hits the ogre.
The ogre is heavily wounded.
The searing ray hits the ogre!
The ogre is almost dead.
You finish channelling your searing ray.
The ogre hits you with a +0 giant club!
You die...

<..#.....###...#..<..#
..## #
....#.###.#.###.#....#...
..
...###.....#...###...#..
.#
###.#......#....#.###.#
..#
.....#.....#.....#...##
..
.....#......#....#....#.#
.....#.....###...#....†#
......#.###...###O#....#
.....###........@###...#
#.###...###...###...###.#
##.........###..†......##
..###...###...###...###..
.....###....<....###....
..###...###...###...###..
##.........###.......
####...###...###..
#...###.........#


You could see an ogre.

Vanquished Creatures
  Eustachio (D:4)
  Edmund (D:4)
  An ogre (D:4)
  3 bullfrogs
  Jessica (D:3)
  Natasha (thrice) (D:3)
  Terence (D:3)
  3 orc wizards (D:4)
  A hound zombie (D:2)
  A hound skeleton (D:2)
  14 adders
  4 river rats (Sewer)
  4 worms
  2 dart slugs
  7 orcs
  16 ball pythons
  2 endoplasms (D:3)
  14 giant cockroaches
  3 goblins
  6 hobgoblins
  3 jackals (D:4)
  3 quokkas
  A ball python skeleton (D:2)
  4 bats
  6 frilled lizards
  6 kobolds
  A quokka zombie (D:2)
  37 rats
149 creatures vanquished.

Notes
Turn   | Place    | Note
-------+----------+-------------------------------------------
     0 | D:1      | spardeous the Demigod Conjurer began the quest for the Orb.
     0 | D:1      | Reached XP level 1. HP: 14/14 MP: 5/5
   185 | D:1      | You fall into a shaft and drop 1 floor!
   219 | D:2      | Reached XP level 2. HP: 20/20 MP: 1/7
   368 | D:2      | Reached skill level 4 in Conjurations
   544 | D:2      | Reached XP level 3. HP: 24/26 MP: 0/9
  1264 | D:1      | Reached XP level 4. HP: 33/33 MP: 6/11
  2153 | D:3      | Found Cufuxoa's General Store.
  2158 | D:3      | Found Biexem's Armour Shop.
  2320 | D:3      | Learned a level 2 spell: Searing Ray
  2407 | D:3      | Noticed Terence
  2413 | D:3      | Killed Terence
  2914 | D:3      | Noticed Jessica
  2917 | D:3      | Killed Jessica
  2918 | D:3      | Reached skill level 5 in Conjurations
  2918 | D:3      | Reached XP level 5. HP: 38/38 MP: 8/13
  3396 | D:3      | Noticed Natasha
  3401 | D:3      | Killed Natasha
  3571 | D:3      | Found Dunliquc's Weapon Emporium.
  3632 | D:3      | Bought a scroll of noise for 14 gold pieces
  3684 | D:3      | Noticed Natasha
  3686 | D:3      | Killed Natasha
  3816 | D:3      | Noticed Natasha
  3822 | D:3      | Killed Natasha
  3935 | D:4      | Found Zin's Purification Station.
  3958 | D:4      | Learned a level 4 spell: Petrify
  3959 | D:4      | Found the +5 woodcutter's axe
  4021 | D:4      | Found a glowing drain.
  4022 | D:4      | Noticed Edmund
  4043 | D:4      | Killed Edmund
  4044 | D:4      | Reached XP level 6. HP: 7/45 MP: 2/15
  4165 | Sewer    | Entered a sewer
  4461 | Sewer    | Learned a level 4 spell: Iskenderun's Mystic Blast
  4807 | Sewer    | Reached skill level 6 in Conjurations
  4949 | Sewer    | Reached XP level 7. HP: 9/50 MP: 5/17
  5131 | D:4      | Learned a level 4 spell: Iskenderun's Mystic Blast
  5136 | D:4      | Learned a level 4 spell: Petrify
  5218 | D:4      | Reached skill level 5 in Spellcasting
  5295 | D:4      | Found a staircase to the Ecumenical Temple.
  5301 | D:4      | Noticed Eustachio
  5328 | D:4      | Killed Eustachio
  5975 | D:5      | Entered Level 5 of the Dungeon
  6035 | D:5      | Found a runed translucent gate.
  6035 | D:5      | Found a runed translucent gate.
  6035 | D:5      | Found a runed translucent gate.
  6035 | D:5      | Noticed Wiggles's ghost (novice MiBe)
  6409 | D:5      | Reached skill level 7 in Conjurations
  6458 | D:5      | Slain by an ogre

Illustrated notes

Levels and vault maps discovered:
D:1:      dpeg_arrival_lava_altar, layout_loops_corners
D:2:      layout_rooms, serial_undead, serial_undead_e, serial_undead_c,
          serial_undead_e, serial_undead_a, serial_undead_e, serial_bayou_pond_d
D:3:      minmay_roachtagon, layout_rooms, nicolae_wu_jian_immortal_techniques,
          serial_shops, shop, nicolae_shop_hallway_plus, nicolae_square_shop,
          minmay_misc_feat_tower, interstate_on_off, minmay_pentomino_pile,
          uniq_natasha, uniq_terence, uniq_jessica
D:4:      layout_basic, general_overflow_altar,
          mainiacjoe_overflow_small_starburst, zin_purify,
          minmay_temple_entry_mini_moons, cheibrodos_sewer_entry_bend,
          uniq_edmund, uniq_eustachio
D:5:      nicolae_BIG_FREAKIN_CUBE, layout_loops_ring, elyvilon_altar_5,
          ebering_ghost_rock_garden

Skill      XL: |  1  2  3  4  5  6  7 |
---------------+----------------------+-----
Spellcasting   | 2 3 4 5 |  5.7
Conjurations   | 4 5 6 7 |  7.1
Dodging        | |  1.7
Stealth        | |  1.7

Action                     |  1- 3 |  4- 6 |  7- 9 || total
---------------------------+-------+-------+-------++-------
  Melee: Trident           |       |    13 |       ||    13
   Cast: Magic Dart        |    72 |   160 |    26 ||   258
         Searing Ray       |       |    17 |     8 ||    25
         Iskenderun's Myst |       |     2 |       ||     2
    Use: Potion            |       |     1 |       ||     1
         Scroll            |       |       |     3 ||     3
 Armour: Leather armour    |       |    16 |     1 ||    17
  Dodge: Dodged            |     5 |    35 |     1 ||    41
